 Dungeon Sprint DCSS version 0.28-a0-863-g8cecda6153 (webtiles) character file.

Game seed: 13910668811327346816

825 emperorscorpion the Thaumaturge (level 8, 0/51 HPs)
             Began as a Djinni Air Elementalist on Nov 18, 2021.
             Was a Believer of Makhleb.
             Slain by a five-headed hydra (1 damage)
             ... in the Dungeon (Sprint IX: "|||||||||||||||||||||||||||||").
             The game lasted 00:03:55 (653 turns).

emperorscorpion the Thaumaturge (DjAE)               Turns: 653, Time: 00:03:57

Health: 0/51       AC:  5    Str: 10    XL:     8   Next: 17%
Gold:   0          EV: 14    Int: 19    God:    Makhleb [**....] SH:  0 Dex: 14

rFire   + + .      SeeInvis .   k - +2 rapier (venom)
rCold   x . .      Faith    .   (no shield)
rNeg    . . .      Spirit   .   a - +0 robe
rPois   ∞          Reflect  .   (no helmet)
rElec   .          Harm     .   l - +0 cloak
rCorr   .          Rampage  .   (no gloves)
Will    .....      NoTele   +   (boots unavailable)
Stlth   ++........              (no amulet)
HPRegen 0.17/turn               o - +2 ring of protection
MPRegen 0.00/turn               p - +3 ring of strength

@: swift, flying, very quick
A: sickness immunity, fire resistance 2, cold vulnerability 1, float, innate
caster, hp casting, extra vitality 1
a: Renounce Religion, Minor Destruction


You were in the Dungeon.
You worshipped Makhleb.
Makhleb was pleased with you.
You visited 1 branch

Inventory:

Hand Weapons
 i - a +2 dire flail of protection
 j - a +4 quarterstaff of speed
 k - a +2 rapier of venom (weapon)
Missiles
 q - 3 poisoned darts
Armour
 a - a +0 robe (worn)
 l - a +0 cloak (worn)
 m - a +0 pair of boots
 n - a +1 scale mail
Jewellery
 o - a +2 ring of protection (left hand)
 p - a +3 ring of strength (right hand)
Wands
 h - a wand of iceblast (10)
Scrolls
 f - a scroll of blinking
Potions
 b - 5 potions of curing
 c - 3 potions of heal wounds
 d - a potion of haste
 e - a potion of berserk rage
 g - a potion of invisibility


   Skills:
 + Level 0.8 Fighting
 * Level 5.5 Armour
 + Level 5.8 Dodging
 - Level 3.0 Stealth
 + Level 10.8 Spellcasting
 * Level 5.6 Invocations


You had 13 spell levels left.
You knew the following spells:

 Your Spells              Type           Power      Damage    Failure   Level
a - Shock                 Conj/Air       100%       1d9       1%          1
b - Static Discharge      Conj/Air       51%        N/A       1%          2
c - Swiftness             Air            51%        N/A       1%          3
d - Airstrike             Air            25%        N/A       1%          4
e - Beastly Appendage     Tmut           100%       N/A       1%          1
f - Scorch                Fire           100%       2d10      1%          2
g - Passwall              Tmut/Erth      42%        N/A       1%          2
Your spell library was empty.

Dungeon Overview and Level Annotations

Branches:
Dungeon (1/1)

Altars:
Cheibriados
Dithmenos
Elyvilon
Fedhas
Gozag
Hepliaklqana
Kikubaaqudgha
Makhleb
Nemelex Xobeh
Okawaru
Qazlal
Ru
Sif Muna
Trog
Uskayaw
Vehumet
Wu Jian
Xom
Yredelemnul
Zin
The Shining One
Beogh
Jiyva
Lugonu


Innate Abilities, Weirdness & Mutations

You are immune to sickness and miasma.
You are immune to poison.
Your flesh is very heat resistant. (rF++)
You are vulnerable to cold. (rC-)
You float through the air rather than walking.
You learn spells naturally, not from books.
Your magical power is your life essence.
You have superior vitality. (+4 HP)


Message History

Confirm with . or Enter, or press ? or * to list all spells.
Flames lash the five-headed hydra.
The five-headed hydra is lightly wounded.
The five-headed hydra's fire resistance burns away.
Casting: Scorch (safe; 1% risk of failure)
Confirm with . or Enter, or press ? or * to list all spells.
Flames lash the five-headed hydra.
The five-headed hydra is burned terribly!
The five-headed hydra is heavily wounded.
There is an open door to the Dungeon here.
The five-headed hydra is no longer more vulnerable to fire.
There is a staircase leading out of the dungeon here.
Casting: Scorch (safe; 1% risk of failure)
Confirm with . or Enter, or press ? or * to list all spells.
Flames lash the five-headed hydra.
The five-headed hydra is heavily wounded.
The five-headed hydra's fire resistance burns away.
Casting: Scorch (safe; 1% risk of failure)
Confirm with . or Enter, or press ? or * to list all spells.
Flames lash the five-headed hydra.
The five-headed hydra is burned terribly!
The five-headed hydra is severely wounded.
The five-headed hydra bites you but does no damage.
The five-headed hydra barely misses you.
The five-headed hydra bites you! The five-headed hydra misses you.
The five-headed hydra closely misses you.
Casting: Scorch (safe; 1% risk of failure)
Confirm with . or Enter, or press ? or * to list all spells.
Flames lash the five-headed hydra.
The five-headed hydra is burned terribly!
The five-headed hydra is almost dead.
The five-headed hydra barely misses you.
The five-headed hydra bites you!
* * * LOW HITPOINT WARNING * * *
The five-headed hydra bites you.
* * * LOW HITPOINT WARNING * * *
The five-headed hydra bites you!
* * * LOW HITPOINT WARNING * * *
The five-headed hydra bites you.
You die... ▓▓▓▓▓▓▓▓▓▓▓▓▓▓▓▓▓▓ ▓@D..'...).'.....' ▓▓▓▓▓▓▓▓▓▓▓▓▓▓▓▓▓▓

You could see a five-headed hydra (combustible).

Vanquished Creatures
  An ugly thing (D)
  An orc warrior (D)
  A kobold brigand (D)
  A scorpion (D)
  A killer bee (D)
  A howler monkey (D)
  2 hounds (D)
  An orc wizard (D)
  An ufetubus (D)
  A bat (D)
  2 hobgoblins (D)
  A kobold (D)
  A ball python skeleton (D)
  A frilled lizard (D)
  A giant cockroach zombie (D)
17 creatures vanquished.

Notes
Turn   | Place    | Note
-------+----------+-------------------------------------------
     0 | D        | emperorscorpion the Djinni Air Elementalist began the quest
                  | for the Orb.
     0 | D        | Reached XP level 1. HP: 15/15 MP: 0/0
     5 | D        | Reached skill level 3 in Spellcasting
     7 | D        | Reached XP level 2. HP: 17/21 MP: 0/0
    60 | D        | Noticed a scorpion
    65 | D        | Reached skill level 4 in Spellcasting
    65 | D        | Reached XP level 3. HP: 11/25 MP: 0/0
    65 | D        | Learned a level 1 spell: Beastly Appendage
    65 | D        | Killed a scorpion
    66 | D        | Reached skill level 6 in Spellcasting
    66 | D        | Reached XP level 4. HP: 10/31 MP: 0/0
    68 | D        | Reached skill level 7 in Spellcasting
    68 | D        | Reached XP level 5. HP: 6/35 MP: 0/0
    68 | D        | Learned a level 2 spell: Scorch
    75 | D        | Found a snail-covered altar of Cheibriados.
    75 | D        | Found a shadowy altar of Dithmenos.
    75 | D        | Found a white marble altar of Elyvilon.
    75 | D        | Found a blossoming altar of Fedhas.
    75 | D        | Found an opulent altar of Gozag.
    76 | D        | Found a hazy altar of Hepliaklqana.
    77 | D        | Found a viscous altar of Jiyva.
    79 | D        | Found a corrupted altar of Lugonu.
    80 | D        | Found a burning altar of Makhleb.
    81 | D        | Found a sparkling altar of Nemelex Xobeh.
    82 | D        | Found an iron altar of Okawaru.
    83 | D        | Found a stormy altar of Qazlal.
    84 | D        | Found a sacrificial altar of Ru.
    86 | D        | Found a bloodstained altar of Trog.
    87 | D        | Found a hide-covered altar of Uskayaw.
    88 | D        | Became a worshipper of Makhleb the Destroyer
    90 | D        | Found an ornate altar of the Wu Jian Council.
    91 | D        | Found a shimmering altar of Xom.
    92 | D        | Found a basalt altar of Yredelemnul.
    93 | D        | Found a glowing silver altar of Zin.
    94 | D        | Found a glowing golden altar of the Shining One.
   343 | D        | Noticed an orc warrior
   343 | D        | Noticed a kobold brigand
   349 | D        | Reached skill level 1 in Armour
   349 | D        | Reached skill level 1 in Invocations
   349 | D        | Reached * piety under Makhleb
   350 | D        | Reached XP level 6. HP: 15/40 MP: 0/0
   351 | D        | Reached skill level 8 in Spellcasting
   351 | D        | Killed an orc warrior
   352 | D        | Reached skill level 5 in Dodging
   374 | D        | Reached ** piety under Makhleb
   375 | D        | Reached skill level 9 in Spellcasting
   375 | D        | Reached XP level 7. HP: 17/46 MP: 0/0
   375 | D        | Learned a level 2 spell: Passwall
   557 | D        | Noticed a green ugly thing
   557 | D        | Noticed a five-headed hydra
   557 | D        | Noticed a boulder beetle
   557 | D        | Noticed a slime creature
   557 | D        | Noticed a jumping spider
   602 | D        | Killed a green ugly thing
   603 | D        | Reached skill level 5 in Armour
   603 | D        | Reached skill level 10 in Spellcasting
   603 | D        | Reached skill level 5 in Invocations
   603 | D        | Reached XP level 8. HP: 46/51 MP: 0/0
   653 | D        | HP: 1/51 [five-headed hydra (10)]
   653 | D        | Slain by a five-headed hydra

Illustrated notes

Levels and vault maps discovered:
D:        linesprint [early_d, line_temple, items_1, d_10, items_2, lair_1,
          lair_end, items_3, orc_1, orc_end, items_4, d_15, swamp_1, shoals_1,
          snake_1, spider_1, d_20, vaults_1, items_5, swamp_end, shoals_end,
          snake_end, spider_end, vaults_end, d_27, items_6, zot_1, zot_end,
          crypt_end, forest_end, elf_end, slime_end, tomb_end, abyss_end,
          pan_hell_end]

Skill      XL: |  1  2  3  4  5  6  7 |
---------------+----------------------+-----
Spellcasting   | 3 4 6 7 9 10 | 10.8
Dodging        | 3 4 5 |  5.8
Stealth        | 2 3 |  3.0
Armour         | 2 4 5 |  5.5
Invocations    | 2 4 5 |  5.6
Fighting       | |  0.8

Action                   |  1- 3 |  4- 6 |  7- 9 || total
-------------------------+-------+-------+-------++-------
 Cast: Shock             |     4 |    12 |     4 ||    20
       Static Discharge  |     4 |     3 |       ||     7
       Swiftness         |       |     1 |     2 ||     3
       Scorch            |       |       |    10 ||    10
  Use: Scroll            |       |       |     1 ||     1
Armor: Robe              |       |     1 |     2 ||     3
Dodge: Dodged            |     5 |     7 |     6 ||    18

Table legend: (Time is in decaauts)
 A = Elapsed time spent in this place.
 B = Non-inter-level travel time spent in this place.
 C = Inter-level travel time spent in this place.
 D = Time resting spent in this place.
 E = Time spent auto-exploring this place.
 F = Levels seen in this place.
 G = Mean time per level.
                   A        B        C        D        E       F      G
               +--------+--------+--------+--------+--------+-----+--------+
         Total |    641 |    611 |     30 |    442 |      0 |   1 |  641.0 |
       Dungeon |    641 |    611 |     30 |    442 |      0 |   1 |  641.0 |
               +--------+--------+--------+--------+--------+-----+--------+

Top non-repeatable levels by time:
       D: 641 daAuts
